 Dungeon Sprint DCSS version 0.27.1-1-g398f81649c (webtiles) character file.

Game seed: 2209171525265817120

10605 ugugthedestroyer the Peltast (level 11, -1/81 HPs)
             Began as a Gargoyle Fighter on Sept 6, 2021.
             Was an Initiate of Gozag.
             Killed from afar by an ice dragon (37 damage)
             ... with a blast of cold
             ... in the Dungeon (Sprint VII: "The Pits").
             The game lasted 00:16:32 (2339 turns).

ugugthedestroyer the Peltast (Gargoyle Fighter)     Turns: 2339, Time: 00:16:33

Health: -1/81      AC: 37    Str: 29    XL:     11   Next: 64%
Magic:  11/11      EV:  9    Int: 15    God:    Gozag
Gold:   807        SH: 19    Dex:  9    Spells: 10/10 levels left

rFire    . . .     SeeInvis .   w - +7 mace of Irrepressible Laughter {vorpal, rCorr}
rCold    . . .     Faith    .   c - +4 kite shield
rNeg     + . .     Spirit   .   v - +4 chain mail
rPois    ∞         Reflect  .   r - +1 helmet "Pali" {Harm}
rElec    +         Harm     +   f - +0 cloak {Will+}
rCorr    +         Rampage  .   (no gloves)
Will     .....     NoTele   +   u - +2 pair of boots
Stlth    ..........             q - amulet of Ofapugo {RegenMP Will- Str+6 Int+3}
HPRegen  0.23/turn              d - +3 ring of protection
MPRegen  0.37/turn              g - +3 ring of intelligence

@: no status effects
A: sickness immunity, AC +8, negative energy resistance 1, electricity
resistance, torment resistance 1, petrification resistance, iridescent scales 1,
wild magic 1, evolution 1
a: Renounce Religion, Potion Petition, Call Merchant, Bribe Branch


You were in the Dungeon.
You worshipped Gozag.
Gozag was pleased with you.
You visited 1 branch You collected 6642 gold pieces.
You spent 2549 gold pieces at shops.
You paid 3286 gold pieces to Gozag.

Inventory:

Hand Weapons
 a - a +0 flail
 k - a +2 mace
 o - a +2 vorpal mace
 w - the +7 mace of Irrepressible Laughter (weapon) {vorpal, rCorr}
   (You bought it in a shop in the Dungeon)

   It inflicts extra damage upon your enemies.
   rCorr:     It protects you from acid and corrosion.
Armour
 b - a +0 scale mail
 c - a +4 kite shield (worn)
 f - a +0 cloak of willpower (worn)
 p - a +2 plate armour
 r - the +1 helmet "Pali" (worn) {Harm}
   (You bought it in a shop in the Dungeon)

   Harm:      It increases damage dealt and taken.
 u - a +2 pair of boots (worn)
 v - a +4 chain mail (worn)
 x - a +2 plate armour of positive energy
Jewellery
 d - a +3 ring of protection (left hand)
 g - a +3 ring of intelligence (right hand)
 q - the amulet of Ofapugo (around neck) {RegenMP Will- Str+6 Int+3}
   (You bought it in a shop in the Dungeon)

   [amulet of magic regeneration]

   It increases your rate of magic regeneration.
   Str:       It affects your strength (+6).
   Int:       It affects your intelligence (+3).
   Will:      It decreases your willpower.
 z - a ring of see invisible
 A - a ring of ice
 E - a ring of positive energy
Wands
 y - a wand of acid (5)
Scrolls
 j - 2 scrolls of blinking
 m - 5 scrolls of amnesia
 n - a scroll of summoning
 B - a scroll of fog
 D - 4 scrolls of identify
 G - 2 scrolls of fear
 I - 2 scrolls of enchant weapon
Potions
 e - 5 potions of curing
 h - 5 potions of magic
 i - 5 potions of berserk rage
 l - a potion of invisibility
 s - 2 potions of mutation
 t - 2 potions of resistance
 C - 6 potions of heal wounds
 H - a potion of might
 J - a potion of haste


   Skills:
 * Level 15.0 Fighting
 + Level 13.7 Maces & Flails
 + Level 13.0 Armour
 - Level 1.3 Dodging
 - Level 3.6 Stealth
 + Level 17.5 Shields


You had 10 spell levels left.
You didn't know any spells.
Your spell library contained the following spells:

 Spells                   Type           Power      Damage    Failure   Level
 Summon Guardian Golem    Hex/Summ       0%         N/A       98%         3
 Orb of Destruction       Conj           0%         N/A       100%        7
 Spellforged Servitor     Conj/Summ      0%         N/A       100%        7


Dungeon Overview and Level Annotations

Branches:
Dungeon (1/1)

Altars:
Ashenzari
Cheibriados
Dithmenos
Elyvilon
Fedhas
Gozag
Hepliaklqana
Kikubaaqudgha
Makhleb
Nemelex Xobeh
Okawaru
Qazlal
Ru
Sif Muna
Trog
Uskayaw
Vehumet
Wu Jian
Xom
Yredelemnul
Zin
The Shining One
Beogh
Jiyva
Lugonu

Shops:
D =(([


Innate Abilities, Weirdness & Mutations

You are immune to sickness and miasma.
Your stone body is resilient. (AC +8)
You are immune to poison.
You resist negative energy. (rN+)
You are resistant to electric shocks. (rElec)
You are resistant to unholy torment.
You are immune to petrification.
You are partially covered in iridescent scales. (AC +2)
Your spells are a little harder to cast, but a little more powerful.
You evolve.


Message History

You now have 1570 gold pieces (gained 63).
Things that are here:
a +0 halberd; a +0 chain mail You now have 1624 gold pieces (gained 54).
Things that are here:
a +0 scimitar; a +0 chain mail You now have 1687 gold pieces (gained 63).
Things that are here:
a +0 dagger; a +0 leather armour You now have 1750 gold pieces (gained 63).
Things that are here:
a +0 short sword; a +0 chain mail You now have 1822 gold pieces (gained 72).
Things that are here:
a +0 dagger; a +0 robe of cold resistance [a] 1333 gold - Aliodox's Distillery [b] 1006 gold - Lohokoje's Book Emporium [c] 1015 gold - Zaduloh's Antique Weapon Emporium Fund which merchant?
You no longer have enough gold to fund merchants seeking to open stores in the dungeon.
Zaduloh invites you to visit their Antique Weapon Emporium.
Things that are here:
a +0 chain mail; a +0 short sword
Things that are here:
a +0 leather armour; a +0 dagger
Things that are here:
a +0 chain mail; a +0 scimitar
Things that are here:
a +0 plate armour; a +0 hand axe
Things that are here:
a +0 leather armour; a +0 club An ice dragon and a wraith come into view.
The ice dragon roars deafeningly!
An eye of devastation comes into view.
The eye of devastation turns its gaze towards you.
The wraith hits you but does no damage. The ice dragon breathes frost at you.
The blast of cold hits you!!
You die...
Your body crumbles into a pile of gold.

#..# #..# ###### #..# .##..#
#G.# .##∩.# #..# .''..# #..#
.''[[##########.D#
.##[[.[........W@#
.##..[[..........#
################## #
########################## #
#.........##.....'...'..)# #
##.......###[...(##.##.!|# #
####...###########...#####
###..+...'..##..##.......##
##....##+##.....##..)......##


You could see an ice dragon (catching breath), an eye of devastation and a
wraith.

Vanquished Creatures
  An orc high priest (D)
  A flayed ghost (D)
  A bog body (D)
  An orc sorcerer (D)
  A deep elf zephyrmancer (D)
  A cyclops (D)
  A deep elf pyromancer (D)
  A merfolk siren (D)
  A guardian serpent (D)
  Maurice (D)
  Joseph (D)
  A cane toad (D)
  2 freezing wraiths (D)
  A guardian mummy (D)
  A snapping turtle (D)
  2 tyrant leeches (D)
  3 blink frogs (D)
  A flying skull (D)
  A wraith (D)
  A redback (D)
  2 spriggans (D)
  7 yaks (D)
  A basilisk (D)
  2 wyverns (D)
  4 vampire mosquitoes (D)
  2 floating eyes (D)
  2 orc warriors (D)
  A kobold brigand (D)
  A bullfrog (D)
  2 gnoll sergeants (D)
  9 killer bees (D)
  A gnoll shaman (D)
  2 iguanas (D)
  Terence (D)
  2 mummies (D)
  16 gnolls (D)
  An adder (D)
  A river rat (D)
  A white imp (D)
  An ufetubus (D)
  4 orcs (D)
  A ball python (D)
  A bat zombie (D)
  3 giant cockroaches (D)
  A hobgoblin (D)
  2 frilled lizards (D)
  A kobold (D)
  2 rats (D)
98 creatures vanquished.

Vanquished Creatures (others)
  A gnoll (D)
  A goblin (D)
2 creatures vanquished.

Grand Total: 100 creatures vanquished

Notes
Turn   | Place    | Note
-------+----------+-------------------------------------------
     0 | D        | ugugthedestroyer the Gargoyle Fighter began the quest for
                  | the Orb.
     0 | D        | Reached XP level 1. HP: 14/14 MP: 1/1
    48 | D        | Found a bloodstained altar of Trog.
    48 | D        | Found a shimmering blue altar of Sif Muna.
    48 | D        | Found a viscous altar of Jiyva.
    48 | D        | Found a hazy altar of Hepliaklqana.
    48 | D        | Found an opulent altar of Gozag.
    49 | D        | Found a glowing golden altar of the Shining One.
    49 | D        | Found a glowing silver altar of Zin.
    49 | D        | Found a basalt altar of Yredelemnul.
    49 | D        | Found a shimmering altar of Xom.
    49 | D        | Found an ornate altar of the Wu Jian Council.
    49 | D        | Found a sacrificial altar of Ru.
    49 | D        | Found a stormy altar of Qazlal.
    49 | D        | Found an iron altar of Okawaru.
    49 | D        | Found a sparkling altar of Nemelex Xobeh.
    49 | D        | Found a burning altar of Makhleb.
    49 | D        | Found a blossoming altar of Fedhas.
    49 | D        | Found a white marble altar of Elyvilon.
    49 | D        | Found a shadowy altar of Dithmenos.
    49 | D        | Found a snail-covered altar of Cheibriados.
    53 | D        | Found a corrupted altar of Lugonu.
    53 | D        | Found a radiant altar of Vehumet.
    55 | D        | Found an ancient bone altar of Kikubaaqudgha.
    55 | D        | Found a hide-covered altar of Uskayaw.
    55 | D        | Found a broken altar of Ashenzari.
    58 | D        | Became a worshipper of Gozag Ym Sagoz the Greedy
    79 | D        | Reached skill level 4 in Shields
    79 | D        | Reached XP level 2. HP: 19/20 MP: 2/2
    89 | D        | Noticed a floating eye
    93 | D        | Paralysed by a floating eye for 2 turns
    96 | D        | Paralysed by a floating eye for 4 turns
   100 | D        | Killed a floating eye
   101 | D        | Reached skill level 6 in Shields
   101 | D        | Reached XP level 3. HP: 27/27 MP: 3/3
   101 | D        | Reached XP level 4. HP: 32/32 MP: 4/4
   134 | D        | Reached XP level 5. HP: 21/37 MP: 5/5
   140 | D        | Reached skill level 1 in Stealth
   381 | D        | Noticed a floating eye
   384 | D        | Noticed Terence
   384 | D        | Noticed a kobold brigand
   384 | D        | Paralysed by a floating eye for 2 turns
   388 | D        | Killed a floating eye
   389 | D        | Reached skill level 5 in Maces & Flails
   389 | D        | Reached skill level 7 in Shields
   389 | D        | Reached XP level 6. HP: 37/44 MP: 6/6
   402 | D        | Reached skill level 8 in Shields
   410 | D        | Killed Terence
   590 | D        | Noticed a yak
   604 | D        | Killed a yak
   605 | D        | Reached skill level 1 in Dodging
   605 | D        | Reached skill level 9 in Shields
   605 | D        | Reached XP level 7. HP: 50/50 MP: 7/7
   629 | D        | Bought the amulet of Ofapugo {RegenMP Will- Str+6 Int+3}
                  | for 723 gold pieces
   637 | D        | Noticed a basilisk
   637 | D        | Noticed a cane toad
   654 | D        | Killed a cane toad
   655 | D        | Reached skill level 10 in Shields
   662 | D        | Reached XP level 8. HP: 25/56 MP: 8/8
   710 | D        | Gained mutation: You are partially covered in iridescent
                  | scales. (AC +2) [potion of mutation]
   710 | D        | Gained mutation: Your spells are a little harder to cast,
                  | but a little more powerful. [potion of mutation]
   710 | D        | Gained mutation: You evolve. [potion of mutation]
   816 | D        | Noticed a tyrant leech
   816 | D        | Noticed a deep elf zephyrmancer
   840 | D        | Killed a tyrant leech
   841 | D        | Reached skill level 10 in Armour
   841 | D        | Reached skill level 11 in Shields
   856 | D        | Killed a deep elf zephyrmancer
   857 | D        | Reached skill level 10 in Fighting
   863 | D        | Reached XP level 9. HP: 45/62 MP: 9/9
   906 | D        | Noticed a tyrant leech
   912 | D        | Reached skill level 10 in Maces & Flails
   912 | D        | Reached skill level 12 in Shields
   930 | D        | Killed a tyrant leech
  1230 | D        | Noticed Joseph
  1247 | D        | Killed Joseph
  1248 | D        | Reached skill level 13 in Shields
  1267 | D        | Reached XP level 10. HP: 26/70 MP: 10/10
  1280 | D        | Bought an ichor-stained mace for 192 gold pieces
  1280 | D        | Identified the +7 mace of Irrepressible Laughter {vorpal,
                  | rCorr} (You bought it in a shop in the Dungeon)
  1484 | D        | Noticed a bog body
  1492 | D        | Reached skill level 14 in Shields
  1499 | D        | Killed a bog body
  1501 | D        | Noticed a guardian serpent
  1510 | D        | Killed a guardian serpent
  1535 | D        | Noticed a flayed ghost
  1571 | D        | Killed a flayed ghost
  1572 | D        | Reached skill level 15 in Shields
  1593 | D        | Noticed a merfolk siren
  1644 | D        | Reached XP level 11. HP: 67/78 MP: 11/11
  1654 | D        | Reached skill level 16 in Shields
  1713 | D        | Bought a glowing cloak for 285 gold pieces
  1713 | D        | Bought a brightly glowing helmet for 361 gold pieces
  1713 | D        | Identified the +1 helmet "Pali" {Harm} (You bought it in a
                  | shop in the Dungeon)
  1713 | D        | Bought a glowing plate armour for 988 gold pieces
  1730 | D        | Noticed Maurice
  1732 | D        | Noticed a cyclops
  1732 | D        | Noticed a deep elf pyromancer
  1751 | D        | Killed a cyclops
  1754 | D        | Killed Maurice
  1755 | D        | Reached skill level 17 in Shields
  1757 | D        | Killed a deep elf pyromancer
  2257 | D        | Noticed an orc high priest
  2258 | D        | Noticed an orc sorcerer
  2270 | D        | Killed an orc sorcerer
  2285 | D        | Noticed a sixfirhy
  2285 | D        | Killed an orc high priest
  2300 | D        | Reached skill level 15 in Fighting
  2336 | D        | Noticed an ice dragon
  2339 | D        | Killed from afar by an ice dragon

Illustrated notes

Levels and vault maps discovered:
D:        pitsprint [storerooms_1, entrance_room_1, metal_vault_2, armoury_2,
          mini_pit_1, grid_room_1, main_hall_1, silver_pit, the_coven_2,
          the_vestibule_1, steel_vault_2, golden_pit, hallway_of_sentries,
          crystal_vault_2, iron_vault_4, final_vault]

Skill      XL: |  1  2  3  4  5  6  7  8  9 10 11 |
---------------+----------------------------------+-----
Fighting       | 4 6 7 8 9 10 11 13 15 | 15.0
Armour         | 4 6 7 8 9 10 11 12 13 | 13.0
Shields        | 4 6 7 9 10 11 13 15 17 | 17.5
Maces & Flails | 3 5 7 8 9 11 12 13 | 13.7
Stealth        | 1 2 3 |  3.6
Dodging        | 1 |  1.3

Action                   |  1- 3 |  4- 6 |  7- 9 | 10-12 || total
-------------------------+-------+-------+-------+-------++-------
Melee: Mace              |    16 |    62 |   133 |   255 ||   466
       Flail             |     3 |       |       |       ||     3
Invok: Call Merchant     |       |       |     1 |     3 ||     4
  Use: Potion            |       |       |     9 |    11 ||    20
       Scroll            |       |       |       |     6 ||     6
 Stab: Distracted        |       |     1 |     1 |     4 ||     6
       Invisible         |       |       |       |     1 ||     1
Armor: Scale mail        |     5 |    16 |       |       ||    21
       Plate armour      |       |    26 |    16 |       ||    42
       Chain mail        |       |       |   107 |   172 ||   279
Dodge: Dodged            |     4 |    17 |    67 |   110 ||   198
Block: Kite shield       |     7 |    32 |   167 |   297 ||   503
